General information
- name: BNet
- type: Ladder team game (AT/RT)
- host: Battle.net
- saver: TriIIianpos
map: Battleground
- players: 8
- length: 44:12
- speed: Fast
- version: 1.27 W3XP
- replay type: Public
» download(237 KB)
Players
team 1 (loser)
crazylegs2021 (
blue | 58 APM | 1264 actions | 21:48)
3 Death Knight
1 Death Coil
2 Unholy Aura
» actions
| Assign group hotkey | 16 | |
| Build / train | 42 | |
| Enter build submenu | 24 | |
| Enter hero's abilities submenu | 3 | |
| Remove unit from queue | 1 | |
| Right click | 482 | |
| Select / deselect | 333 | |
| Select group hotkey | 323 | |
| Use ability | 39 | |
1264 total
» units
| Acolyte | 5 | |
| Ghoul | 10 | |
| Crypt Fiend | 7 | |
| Frost Wyrm | 5 | |
27 total
» upgrades
| Creature Carapace | 1 | |
| Web | 1 | |
| Creature Attack | 2 | |
| Freezing Breath | 1 | |
5 total
» buildings
| Graveyard | 1 | |
| Crypt | 1 | |
| Ziggurat | 10 | |
| Altar of Darkness | 1 | |
| Halls of the Dead | 1 | |
| Nerubian Tower | 1 | |
| Spirit Tower | 2 | |
| Black Citadel | 1 | |
| Sacrificial Pit | 1 | |
| Slaughterhouse | 1 | |
| Tomb of Relics | 1 | |
| Boneyard | 4 | |
25 total
» build order
00:16 Graveyard
00:22 Crypt
00:45 Ziggurat
01:03 Altar of Darkness
01:37 Ziggurat
02:35 Halls of the Dead
02:41 Nerubian Tower
03:44 Ziggurat
04:54 Ziggurat
08:42 Spirit Tower
09:41 Spirit Tower
09:46 Ziggurat
11:18 Black Citadel
13:10 Sacrificial Pit
13:15 Slaughterhouse
13:40 Ziggurat
13:41 Ziggurat
14:34 Tomb of Relics
14:37 Boneyard
14:40 Boneyard
14:47 Boneyard
14:59 Boneyard
17:39 Ziggurat
17:40 Ziggurat
17:41 Ziggurat
TriIIianpos (
orange | 70 APM | 3113 actions | 44:12)
5 Mountain King
3 Storm Bolt
2 Bash
» actions
| Assign group hotkey | 99 | |
| Basic commands | 187 | |
| Build / train | 189 | |
| ESC pressed | 20 | |
| Enter build submenu | 59 | |
| Enter hero's abilities submenu | 6 | |
| Give item / drop item | 20 | |
| Right click | 1152 | |
| Select / deselect | 441 | |
| Select group hotkey | 727 | |
| Use ability | 213 | |
3113 total
» units
| Peasant | 16 | |
| Footman | 9 | |
| Gryphon Rider | 7 | |
| Dragonhawk Rider | 8 | |
40 total
» upgrades
| Swords | 4 | |
| Masonry | 3 | |
| Armor | 3 | |
| Lumber Harvesting | 2 | |
| Animal War Training | 1 | |
| Storm Hammers | 1 | |
| Cloud | 1 | |
| Backpack | 1 | |
| Defend | 1 | |
| Plating | 1 | |
| Gunpowder | 1 | |
19 total
» buildings
| Barracks | 1 | |
| Farm | 17 | |
| Altar of Kings | 1 | |
| Arcane Vault | 1 | |
| Keep | 3 | |
| Blacksmith | 1 | |
| Castle | 2 | |
| Lumber Mill | 1 | |
| Gryphon Aviary | 2 | |
| Town Hall | 2 | |
| Scout Tower | 32 | |
| Guard Tower | 77 | |
| Arcane Tower | 5 | |
145 total
» build order
00:22 Barracks
00:36 Farm
00:50 Altar of Kings
01:07 Farm
01:40 Farm
02:12 Farm
02:18 Arcane Vault
03:50 Farm
04:32 Keep
04:32 Keep
04:34 Blacksmith
06:06 Farm
07:00 Castle
07:01 Castle
07:11 Lumber Mill
08:12 Gryphon Aviary
08:13 Gryphon Aviary
09:04 Town Hall
09:10 Scout Tower
09:11 Scout Tower
09:12 Scout Tower
09:13 Scout Tower
09:15 Scout Tower
09:16 Scout Tower
09:17 Scout Tower
09:18 Scout Tower
09:42 Guard Tower
09:42 Guard Tower
09:42 Guard Tower
10:10 Guard Tower
10:10 Guard Tower
10:36 Guard Tower
10:36 Guard Tower
10:36 Guard Tower
10:37 Guard Tower
10:37 Guard Tower
10:51 Guard Tower
10:51 Guard Tower
10:51 Guard Tower
10:52 Guard Tower
10:52 Guard Tower
10:54 Scout Tower
10:57 Scout Tower
10:58 Scout Tower
11:07 Scout Tower
11:10 Scout Tower
11:29 Guard Tower
11:29 Guard Tower
11:29 Guard Tower
11:29 Guard Tower
12:01 Guard Tower
12:02 Arcane Tower
12:02 Arcane Tower
12:02 Arcane Tower
12:06 Scout Tower
12:11 Scout Tower
12:11 Scout Tower
12:12 Scout Tower
12:15 Scout Tower
12:16 Scout Tower
12:17 Scout Tower
12:18 Scout Tower
12:19 Scout Tower
13:04 Guard Tower
13:32 Guard Tower
13:32 Guard Tower
15:05 Guard Tower
15:06 Guard Tower
15:06 Guard Tower
15:06 Guard Tower
24:27 Town Hall
24:40 Farm
24:41 Farm
24:58 Scout Tower
24:59 Scout Tower
25:05 Scout Tower
25:16 Scout Tower
25:16 Scout Tower
25:17 Scout Tower
25:20 Scout Tower
25:22 Scout Tower
25:41 Guard Tower
25:41 Guard Tower
25:41 Guard Tower
25:41 Guard Tower
25:53 Guard Tower
25:53 Guard Tower
25:53 Guard Tower
25:55 Guard Tower
25:55 Guard Tower
25:56 Guard Tower
25:56 Guard Tower
26:01 Guard Tower
26:01 Guard Tower
26:01 Guard Tower
26:28 Farm
26:30 Farm
27:16 Farm
27:18 Farm
27:20 Farm
27:24 Scout Tower
27:27 Farm
27:50 Guard Tower
27:50 Guard Tower
27:51 Guard Tower
28:02 Farm
28:04 Farm
28:06 Farm
28:25 Guard Tower
28:25 Guard Tower
28:25 Guard Tower
28:26 Guard Tower
28:38 Guard Tower
28:39 Guard Tower
28:39 Guard Tower
28:42 Guard Tower
28:42 Guard Tower
28:42 Guard Tower
28:57 Scout Tower
32:01 Guard Tower
32:01 Guard Tower
» items
| Scroll of Regeneration | 4 | |
| Lesser Clarity Potion | 5 | |
| Boots of Speed | 1 | |
| Potion of Mana | 1 | |
| Scroll of Town Portal | 1 | |
| Ivory Tower | 3 | |
15 total
rush_bane (
teal | 42 APM | 1859 actions | 44:12)
3 Blademaster
1 Wind Walk
2 Critical Strike
2 Firelord
1 Summon Lava Spawn
1 Soul Burn
» actions
| Assign group hotkey | 30 | |
| Basic commands | 9 | |
| Build / train | 60 | |
| Enter build submenu | 15 | |
| Enter hero's abilities submenu | 5 | |
| Right click | 754 | |
| Select / deselect | 289 | |
| Select group hotkey | 580 | |
| Use ability | 114 | |
1859 total
» units
| Peon | 7 | |
| Raider | 14 | |
| Troll Witch Doctor | 10 | |
31 total
» upgrades
| Spiked Barricades | 1 | |
| Witch Doctor Training | 2 | |
| Melee Weapons | 3 | |
| Pillage | 1 | |
| Reinforced Defenses | 1 | |
| Ensnare | 1 | |
| Armor | 2 | |
| Shaman Training | 1 | |
12 total
» buildings
| Orc Burrow | 5 | |
| War Mill | 1 | |
| Altar of Storms | 1 | |
| Voodoo Lounge | 1 | |
| Watch Tower | 4 | |
| Stronghold | 1 | |
| Fortress | 1 | |
| Spirit Lodge | 1 | |
| Beastiary | 1 | |
16 total
» build order
00:16 Orc Burrow
00:26 War Mill
00:47 Altar of Storms
01:16 Voodoo Lounge
01:59 Watch Tower
02:20 Watch Tower
03:49 Stronghold
03:53 Watch Tower
04:11 Orc Burrow
05:13 Watch Tower
06:16 Fortress
06:20 Spirit Lodge
06:42 Orc Burrow
07:42 Beastiary
10:41 Orc Burrow
12:59 Orc Burrow
» items
| Healing Salve | 1 | |
| Lesser Clarity Potion | 1 | |
| Circlet of Nobility | 2 | |
| Orb of Lightning | 1 | |
| Scroll of Town Portal | 2 | |
| Rod of Necromancy | 1 | |
8 total
SaviorSelph (
purple | 11 APM | 503 actions | 44:12)
4 Far Seer
2 Feral Spirit
2 Chain Lighting
» actions
| Assign group hotkey | 16 | |
| Build / train | 65 | |
| Enter build submenu | 19 | |
| Enter hero's abilities submenu | 4 | |
| Remove unit from queue | 1 | |
| Right click | 144 | |
| Select / deselect | 159 | |
| Select group hotkey | 63 | |
| Use ability | 32 | |
503 total
» units
| Peon | 28 | |
| Grunt | 3 | |
| Troll Headhunter/Berserker | 23 | |
54 total
» upgrades
| Armor | 1 | |
| Ranged Weapons | 2 | |
| Troll Regeneration | 1 | |
4 total
» buildings
| Orc Burrow | 6 | |
| Altar of Storms | 1 | |
| Barracks | 1 | |
| War Mill | 1 | |
| Voodoo Lounge | 1 | |
| Stronghold | 1 | |
| Watch Tower | 6 | |
17 total
» build order
00:12 Orc Burrow
00:16 Altar of Storms
00:31 Barracks
01:32 Orc Burrow
02:31 Orc Burrow
03:00 War Mill
03:24 Voodoo Lounge
03:37 Orc Burrow
04:54 Orc Burrow
05:10 Orc Burrow
07:01 Stronghold
07:13 Watch Tower
09:41 Watch Tower
15:09 Watch Tower
16:22 Watch Tower
17:12 Watch Tower
19:05 Watch Tower
team 2 (winner)
Noob.W (
green | 30 APM | 1331 actions | 44:12)
4 Death Knight
2 Death Coil
2 Unholy Aura
3 Lich
1 Frost Nova
2 Frost Armor
3 Crypt Lord
1 Impale
2 Carrion Beetles
» actions
| Assign group hotkey | 31 | |
| Basic commands | 29 | |
| Build / train | 63 | |
| Enter build submenu | 18 | |
| Enter hero's abilities submenu | 10 | |
| Give item / drop item | 2 | |
| Right click | 760 | |
| Select / deselect | 287 | |
| Select group hotkey | 63 | |
| Use ability | 68 | |
1331 total
» units
| Acolyte | 3 | |
| Ghoul | 3 | |
| Crypt Fiend | 10 | |
| Obsidian Statue | 3 | |
| Frost Wyrm | 8 | |
| Abomination | 2 | |
29 total
» upgrades
| Creature Attack | 2 | |
| Web | 1 | |
| Freezing Breath | 1 | |
| Creature Carapace | 2 | |
| Disease Cloud | 1 | |
| Unholy Strength | 1 | |
| Unholy Armor | 1 | |
9 total
» buildings
| Crypt | 1 | |
| Altar of Darkness | 2 | |
| Ziggurat | 9 | |
| Graveyard | 1 | |
| Tomb of Relics | 1 | |
| Halls of the Dead | 1 | |
| Spirit Tower | 1 | |
| Black Citadel | 1 | |
| Slaughterhouse | 1 | |
| Sacrificial Pit | 1 | |
| Boneyard | 1 | |
20 total
» build order
00:42 Crypt
00:46 Altar of Darkness
00:49 Ziggurat
00:58 Graveyard
01:20 Ziggurat
01:29 Tomb of Relics
03:36 Halls of the Dead
04:07 Spirit Tower
04:11 Ziggurat
05:05 Ziggurat
06:21 Black Citadel
07:01 Slaughterhouse
07:09 Sacrificial Pit
09:16 Boneyard
12:25 Altar of Darkness
15:30 Ziggurat
15:41 Ziggurat
17:24 Ziggurat
17:27 Ziggurat
19:32 Ziggurat
» items
| Rod of Necromancy | 2 | |
| Scroll of Town Portal | 2 | |
| Dust of Appearance | 1 | |
5 total
ThulsaDoom (
yellow | 45 APM | 1984 actions | 44:10)
9 Blademaster
3 Wind Walk
3 Critical Strike
1 Bladestorm
2 Mirror Image
» actions
| Assign group hotkey | 122 | |
| Basic commands | 148 | |
| Build / train | 86 | |
| Enter build submenu | 67 | |
| Enter hero's abilities submenu | 10 | |
| Give item / drop item | 18 | |
| Remove unit from queue | 3 | |
| Right click | 801 | |
| Select / deselect | 358 | |
| Select group hotkey | 197 | |
| Use ability | 174 | |
1984 total
» units
| Peon | 28 | |
| Grunt | 4 | |
| Troll Batrider | 2 | |
| Wind Rider | 1 | |
35 total
» upgrades
| Liquid Fire | 1 | |
| Reinforced Defenses | 1 | |
| Armor | 3 | |
| Ranged Weapons | 3 | |
| Pillage | 1 | |
| Envenomed Spears | 1 | |
10 total
» buildings
| Orc Burrow | 4 | |
| Altar of Storms | 1 | |
| Barracks | 1 | |
| Voodoo Lounge | 2 | |
| Stronghold | 1 | |
| War Mill | 2 | |
| Beastiary | 7 | |
| Watch Tower | 47 | |
| Fortress | 1 | |
| Great Hall | 6 | |
| Spirit Lodge | 1 | |
73 total
» build order
00:17 Orc Burrow
01:00 Orc Burrow
01:03 Altar of Storms
01:05 Barracks
01:41 Voodoo Lounge
02:47 Stronghold
03:45 Orc Burrow
04:19 War Mill
04:45 Orc Burrow
06:13 Beastiary
06:14 Beastiary
06:18 Beastiary
07:18 Watch Tower
07:19 Watch Tower
07:20 Watch Tower
11:43 Fortress
11:46 Watch Tower
11:46 Watch Tower
11:46 Watch Tower
11:47 Watch Tower
11:47 Watch Tower
11:49 Watch Tower
13:16 Great Hall
13:18 Watch Tower
13:19 Watch Tower
13:19 Watch Tower
13:22 Watch Tower
13:22 Watch Tower
15:18 Voodoo Lounge
15:21 Watch Tower
15:22 Watch Tower
15:24 Watch Tower
16:56 Watch Tower
16:56 Watch Tower
16:57 Watch Tower
16:57 Watch Tower
18:09 Spirit Lodge
19:59 Watch Tower
19:59 Watch Tower
20:01 Watch Tower
20:01 Watch Tower
20:03 Watch Tower
27:16 Great Hall
27:19 Watch Tower
27:19 Watch Tower
27:19 Watch Tower
27:20 Watch Tower
27:24 Great Hall
27:26 Watch Tower
27:27 Watch Tower
27:27 Watch Tower
27:28 Watch Tower
27:30 Watch Tower
27:39 Great Hall
27:41 Watch Tower
27:41 Watch Tower
27:42 Watch Tower
27:43 Watch Tower
28:23 Beastiary
28:24 Beastiary
28:26 Beastiary
28:27 Beastiary
29:31 Watch Tower
29:31 Watch Tower
29:32 Watch Tower
29:32 Watch Tower
29:33 Watch Tower
29:36 Great Hall
30:38 War Mill
32:00 Great Hall
» items
| Healing Salve | 5 | |
| Potion of Healing | 4 | |
| Potion of Mana | 5 | |
| Lesser Clarity Potion | 4 | |
| Scroll of Town Portal | 4 | |
| Periapt of Vitality | 1 | |
| Staff of Teleportation | 1 | |
24 total
TRAIN.BAL (
pink | 59 APM | 2591 actions | 44:12)
8 Mountain King
3 Storm Bolt
3 Bash
1 Avatar
1 Thunder Clap
» actions
| Assign group hotkey | 40 | |
| Basic commands | 111 | |
| Build / train | 88 | |
| Enter build submenu | 26 | |
| Enter hero's abilities submenu | 8 | |
| Give item / drop item | 4 | |
| Remove unit from queue | 1 | |
| Right click | 1201 | |
| Select / deselect | 352 | |
| Select group hotkey | 667 | |
| Use ability | 93 | |
2591 total
» units
| Peasant | 13 | |
| Rifleman | 16 | |
| Forest Troll Shadow Priest | 1 | |
| Sorceress | 3 | |
| Priest | 3 | |
| Siege Engine | 1 | |
37 total
» upgrades
| Gunpowder | 3 | |
| Long Rifles | 1 | |
| Lumber Harvesting | 1 | |
| Masonry | 3 | |
| Sorceress Training | 2 | |
| Armor | 1 | |
| Magic Sentry | 1 | |
| Priest Training | 1 | |
13 total
» buildings
| Altar of Kings | 1 | |
| Farm | 12 | |
| Blacksmith | 1 | |
| Barracks | 2 | |
| Scout Tower | 15 | |
| Arcane Tower | 1 | |
| Arcane Vault | 2 | |
| Keep | 2 | |
| Lumber Mill | 1 | |
| Castle | 2 | |
| Town Hall | 1 | |
| Guard Tower | 9 | |
| Arcane Sanctum | 2 | |
| Workshop | 1 | |
| Cannon Tower | 3 | |
55 total
» build order
00:07 Altar of Kings
00:21 Farm
01:16 Farm
01:23 Blacksmith
01:46 Barracks
01:54 Barracks
02:07 Farm
02:10 Scout Tower
02:34 Farm
03:12 Arcane Tower
03:28 Arcane Vault
03:56 Farm
04:47 Keep
04:47 Keep
05:43 Lumber Mill
06:07 Farm
08:51 Castle
10:00 Town Hall
10:02 Scout Tower
10:02 Scout Tower
10:03 Scout Tower
10:03 Scout Tower
10:32 Guard Tower
10:59 Guard Tower
12:08 Arcane Sanctum
12:09 Arcane Sanctum
13:49 Farm
13:50 Farm
13:52 Farm
13:53 Farm
13:53 Farm
13:54 Farm
14:04 Scout Tower
14:05 Scout Tower
14:05 Scout Tower
14:28 Scout Tower
14:28 Scout Tower
14:28 Scout Tower
14:29 Scout Tower
14:34 Guard Tower
15:08 Guard Tower
15:08 Guard Tower
15:30 Guard Tower
15:30 Guard Tower
16:02 Guard Tower
16:02 Guard Tower
16:05 Arcane Vault
26:20 Scout Tower
26:22 Scout Tower
26:23 Scout Tower
26:29 Workshop
26:59 Cannon Tower
27:00 Cannon Tower
27:00 Cannon Tower
» items
| Scroll of Regeneration | 1 | |
| Scroll of Town Portal | 3 | |
| Dust of Appearance | 1 | |
| Scroll of Healing | 1 | |
| Orb of Corruption | 1 | |
| Potion of Mana | 1 | |
| Staff of Teleportation | 1 | |
| Orb of Fire | 1 | |
10 total

»
TossMySalad (
red | 58 APM | 1067 actions | 18:27)
3 Far Seer
1 Feral Spirit
2 Chain Lighting
» actions
| Assign group hotkey | 42 | |
| Basic commands | 180 | |
| Build / train | 31 | |
| Enter build submenu | 10 | |
| Enter hero's abilities submenu | 3 | |
| Give item / drop item | 1 | |
| Remove unit from queue | 1 | |
| Right click | 293 | |
| Select / deselect | 247 | |
| Select group hotkey | 207 | |
| Use ability | 52 | |
1067 total
» units
» buildings
| Altar of Storms | 1 | |
| Orc Burrow | 4 | |
| Barracks | 1 | |
| Voodoo Lounge | 1 | |
| Stronghold | 1 | |
| War Mill | 1 | |
9 total
» build order
00:07 Altar of Storms
00:14 Orc Burrow
00:51 Barracks
01:32 Orc Burrow
01:57 Voodoo Lounge
02:55 Orc Burrow
05:37 Stronghold
06:34 Orc Burrow
07:01 War Mill
» items
| Healing Salve | 4 | |
| Lesser Clarity Potion | 3 | |
| Scroll of Speed | 2 | |
| Circlet of Nobility | 1 | |
10 total
Chat log
(01:08 / Allies) crazylegs2021: fiend frost
(01:13 / Allies) SaviorSelph: hh shaman
(01:35 / All) ThulsaDoom: something foul is happening within my gutty wuts
(02:03 / Allies) crazylegs2021: whats every1 getting
(02:45 / All) rush_bane: OMG OJ MAPHACKS
(02:50 / All) rush_bane: CRYMORECRYMORE
(02:51 / Allies) crazylegs2021: ?
(02:56 / All) TriIIianpos: ?
(03:05 / All) TriIIianpos: the fuck you talking about nigger
(03:15 / All) TossMySalad: busted out the n word
(03:15 / All) rush_bane: im asian not black
(03:17 / Allies) crazylegs2021: he prolly messing around
(03:24 / All) Noob.W: teal hacker lol
(03:42 / All) rush_bane: i work for chairman Mao
(04:31 / All) rush_bane: boom goes the OJ
(04:57 / All) rush_bane: dont mess with OJ he will maphack you to death
(05:03 / Allies) crazylegs2021: lol
(05:04 / Allies) TriIIianpos: not sure who this fag is
(05:15 / All) TRAIN.BAL: teal #1
(05:37 / Allies) rush_bane: why no repair
(05:43 / Allies) crazylegs2021: fuck
(05:53 / Allies) TriIIianpos: wow blue being raped by one orc wtf
(06:33 / Allies) TriIIianpos: nigger
(06:35 / Allies) crazylegs2021: gold me oj
(06:36 / Allies) SaviorSelph: leys go
(06:38 / Allies) TriIIianpos: I'm saving
(06:49 / Allies) crazylegs2021: 300 so i can tech up1
(06:56 / Allies) TriIIianpos: I think I'd prefer to keep my gold
(07:03 / Allies) crazylegs2021: oh okay
(07:47 / All) TossMySalad: let me die
(07:51 / All) TossMySalad: ok tk myself
(07:58 / All) TossMySalad: worthless faggot team as usual
(08:00 / All) TossMySalad: base die
(08:08 / All) TossMySalad: die faggot team
(08:20 / All) TossMySalad: faggot yellow massing towers in base and beastiaries
(08:25 / All) TossMySalad: faggot green fiends
(08:30 / All) TossMySalad: faggot pink rifles
(08:34 / Allies) crazylegs2021: im b
(08:48 / All) TossMySalad: die faggot team..just fucking died
(08:54 / Allies) crazylegs2021: b to my base
(09:13 / All) TossMySalad: yellow is a bat faggot..figures
(09:16 / All) TossMySalad: mass bats from faggot
(09:25 / All) rush_bane: dont bats rule?
(09:36 / All) TossMySalad: green start faggot boneyard
(09:44 / Allies) TriIIianpos: wood me
(09:47 / All) ThulsaDoom: what a fucking freak
(09:50 / All) TossMySalad: die faggot
(09:57 / Allies) SaviorSelph: um help plz
(09:58 / Allies) TriIIianpos: wood for units
(10:05 / Allies) crazylegs2021: got nothing
(10:05 / Allies) TriIIianpos: wood me purp
(10:10 / All) TossMySalad: faggot yellow has 2 whole bats
(10:13 / All) TossMySalad: and 2k gold
(10:14 / Allies) SaviorSelph: i got no gid damn wood
(10:20 / Allies) crazylegs2021: make peons
(10:20 / Allies) SaviorSelph: yellow fucking roasted me
(10:21 / Allies) TriIIianpos: 325 wood
(10:58 / Allies) crazylegs2021: klets hit
(11:04 / All) Noob.W: OH MY TEMS NOOB??
(11:08 / Allies) SaviorSelph: gld plz
(11:22 / All) TriIIianpos: stay away from my expo you fucking fruit
(11:22 / All) TossMySalad: retard green 1200 gold STILL hasnt started pumping from boneyard
(11:30 / All) TossMySalad: retard yell 2200 gold no make units
(11:33 / Allies) SaviorSelph: gold plz
(11:35 / All) TriIIianpos: stfu red
(11:41 / Allies) crazylegs2021: lets hit
(11:41 / All) Noob.W: yes just using gold and fight noob
(11:48 / All) TossMySalad: yel bm near oj xpo
(11:52 / All) TossMySalad: going purp
(12:03 / All) TossMySalad: faggot yellow more mass towers in base
(12:21 / Allies) SaviorSelph: well fuck
(12:25 / All) TossMySalad: worst goddamn team of retards i ever saw
(12:28 / All) Noob.W: ALL NOOB TEAM?
(12:57 / All) TossMySalad: yellow massed towers now....instead of units
(13:59 / All) Noob.W: NOOB TEAM LOL
(14:02 / All) TossMySalad: yellow still no units...just many towers
(14:10 / All) TossMySalad: green pumping wyrms fiends
(14:19 / All) TossMySalad: thats right retard yel dont make units
(14:30 / All) TossMySalad: pink casters now also
(14:35 / All) TossMySalad: running to retard xpo of yel
(14:42 / Allies) SaviorSelph: guys please send gold
(14:49 / Allies) SaviorSelph: yellow has killed all my shit
(14:54 / All) TossMySalad: lol what a retard
(14:59 / All) TossMySalad: pink comes
(15:05 / All) TossMySalad: care teal
(15:20 / All) TossMySalad: faggot yellow still no units
(15:30 / All) ThulsaDoom: lol
(15:31 / All) ThulsaDoom: don't need any
(15:32 / All) TriIIianpos: do you have any units red
(15:41 / Allies) crazylegs2021: need wood
(15:42 / All) TossMySalad: i gave up on this shit faggot team
(15:49 / All) TriIIianpos: sure theyu didn't kill u or something
(16:01 / Allies) SaviorSelph: this sucks. seriously no help
(16:05 / All) TossMySalad: pretty much they did..by being stupid
(16:12 / Allies) crazylegs2021: im trying to save my base sorrypurp
(16:28 / Allies) SaviorSelph: thanks bro
(16:29 / All) TossMySalad: pink comes at u teal
(16:31 / All) TossMySalad: there in 5
(16:38 / All) TossMySalad: care of casters
(16:51 / All) TossMySalad: green goes with them
(16:53 / All) TossMySalad: they hit blue
(17:11 / All) TossMySalad: yellow at blue acos
(17:13 / All) TossMySalad: care gold mine
(17:19 / All) TossMySalad: pink green hitting blue
(17:29 / All) TossMySalad: they all at blue
(17:32 / All) ThulsaDoom: why did that do no damange
(17:34 / All) ThulsaDoom: to gold mine
(18:03 / Allies) crazylegs2021: tp
(18:27 / All) TossMySalad: you fucking retards are bad as this team..i only good player in game
(18:39 / All) ThulsaDoom: lol
(18:42 / All) ThulsaDoom: raging
(19:08 / All) ThulsaDoom: what are you doing out of your base purp?
(19:16 / All) ThulsaDoom: did I give you permission to leave it?
(19:18 / Allies) TriIIianpos: 3
(19:23 / All) SaviorSelph: you fucker
(19:43 / Allies) crazylegs2021: i need wood
(19:49 / Allies) TriIIianpos: me too and you fuckers never gave me any
(20:47 / Allies) crazylegs2021: god dammit
(21:14 / Allies) crazylegs2021: we all need to meet up
(21:38 / Allies) crazylegs2021: oj
(21:41 / Allies) rush_bane: ohh well oj loser
(22:03 / All) ThulsaDoom: WE GOT BLUE ON QUEER STREET NOW
(22:07 / All) ThulsaDoom: CRYMORECRYMORECRYMORE
(22:19 / All) ThulsaDoom: LAWL I got gosu mazuru!
(22:28 / All) TriIIianpos: wow +34 bm
(22:40 / All) TRAIN.BAL: godly bm
(22:41 / All) TRAIN.BAL: stats
(22:42 / All) TriIIianpos: If only you had pendant of energy rather than ring of prot
(23:00 / All) ThulsaDoom: red logged
(23:04 / All) ThulsaDoom: couldn't whisper him
(23:23 / Allies) TriIIianpos: woot 10k gold
(23:26 / All) ThulsaDoom: klet's fite bitch
(23:34 / All) ThulsaDoom: daddy's home
(23:38 / All) ThulsaDoom: spanking time
(23:50 / Allies) TriIIianpos: gonna see if I can hit 20k
(23:53 / All) TRAIN.BAL: yellow bm want belt 6 strength?
(23:59 / All) ThulsaDoom: no thx
(24:00 / All) TriIIianpos: I'll take it
(24:01 / All) TriIIianpos: for mk
(25:26 / All) ThulsaDoom: red threw hissy fit over us not immediately tping
(25:31 / All) ThulsaDoom: he didn't even really lose anything
(25:35 / All) ThulsaDoom: starting killing his own base
(26:37 / All) ThulsaDoom: I always get godlike bm on this map
(26:41 / All) ThulsaDoom: |and other team leaves early
(26:45 / All) ThulsaDoom: not competitive game
(27:59 / All) Noob.W: orange give me 10 dolar, im kill my team AKAKKAKAKA
(28:02 / All) ThulsaDoom: sobi mask now
(28:17 / All) Noob.W: YELLOW GOLDDDDDDDDDDDDDDDDDD
(29:10 / All) Noob.W: PINK KILL MY BASE LOL
(30:10 / All) TRAIN.BAL: BATTLE ROYALE
(30:11 / All) TriIIianpos: come to my base, I rape you green
(30:47 / All) ThulsaDoom: You killed my hall
(30:48 / All) ThulsaDoom: Big mistake
(31:20 / All) TRAIN.BAL: I unlocked door and just shift queued units lawl
(31:57 / All) TriIIianpos: damn I got 96 food and no undead to rape
(32:09 / All) ThulsaDoom: He killed my hall
(32:11 / All) ThulsaDoom: big mistake
(32:32 / All) Noob.W: for you winner
(32:36 / All) Noob.W: my team kill me
(32:38 / All) Noob.W: allnoobs
(32:40 / All) ThulsaDoom: both oru allies
(32:43 / All) ThulsaDoom: are little bitch
(32:48 / All) ThulsaDoom: trying to give other team tips on killing us
(32:56 / All) Noob.W: yellow go to view replay
(33:03 / All) Noob.W: pink kill my hall noob
(33:05 / All) ThulsaDoom: to show how I dominated?
(33:10 / All) ThulsaDoom: So?
(33:13 / All) ThulsaDoom: You attacked my expo
(33:18 / All) ThulsaDoom: and threatened to tk us
(33:24 / All) Noob.W: i kill all expos too pink
(33:25 / All) Noob.W: noob
(33:30 / All) ThulsaDoom: just leave puss
(33:30 / All) TriIIianpos: jeuss ufucking christ green u are fucking retarded
(33:38 / All) TriIIianpos: what the fuck is your iq when your mother had it tested for your autism diagnosis
(33:40 / All) TriIIianpos: 50?
(33:50 / All) Noob.W: i winner x you team noob
(34:07 / All) Noob.W: you in base dont uping
(34:11 / All) Noob.W: is time for lose noob
(34:16 / All) Noob.W: yello have 8 expos noob
(34:24 / All) TriIIianpos: shut the fuck up dumb faggot
(34:35 / All) TriIIianpos: you suck at this game all you're good at in life is giving people migraines with your ufcking retardation
(34:36 / All) ThulsaDoom: it would take yoou 2 years to kill my hall with that
(35:10 / All) Noob.W: im kill teal, purple and blue noob
(35:11 / All) ThulsaDoom: Foolish rookie, crossing the Dragon Master
(35:15 / All) Noob.W: go to view replay noob
(35:16 / All) ThulsaDoom: Rookie mistake, really
(35:21 / All) ThulsaDoom: lol
(35:25 / All) TRAIN.BAL: UH OUT
(35:26 / All) ThulsaDoom: you were irrelevant
(35:32 / All) TRAIN.BAL: WHAT TIME IS IT
(35:35 / All) TRAIN.BAL: IT IS LOVE TAP TIME
(36:06 / All) Noob.W: pink retard killing all base
(36:12 / All) Noob.W: LOOOOOK
(36:27 / All) Noob.W: YELLOW RETARD KILL ALL PINK FAST
(36:54 / Allies) TriIIianpos: no shade for you bitch LOL
(37:06 / All) Noob.W: PINK IS FAGGOOTOOOOO
(37:30 / All) TRAIN.BAL: iI AM NOT
(37:32 / All) TRAIN.BAL: I AM A LION
(37:36 / All) TRAIN.BAL: LION OF LANNISTER
(37:52 / All) Noob.W: YELLOW GIVE ME 10k GOLD KAKAKAKAKAKAK DONT HAVE HALL NOOB
(37:58 / All) Noob.W: OH MY GOOD ALL TEAM NOOB
(38:15 / All) ThulsaDoom: are yoou from brazew
(38:19 / All) TRAIN.BAL: GREEN MEXICAN ME AMERICA
(38:22 / All) TRAIN.BAL: AMERICA #1
(38:23 / All) TRAIN.BAL: JA JA
(38:33 / All) Noob.W: IM TOP RANK NOOB
(38:40 / All) Noob.W: JUST TRAINING ACCOUNT AKKAKKAKAKA
(38:41 / All) ThulsaDoom: 1-3
(38:43 / All) TRAIN.BAL: IT SHOWS
(38:44 / All) ThulsaDoom: AKAKAKAK
(38:49 / All) ThulsaDoom: ALKAKAKAKAKAK
(38:54 / All) Noob.W: is account to treining noob
(39:01 / All) ThulsaDoom: AKAKAKAKAK
(39:03 / All) ThulsaDoom: I BELIEVE YOU
(39:11 / All) TRAIN.BAL: GREEN GIVE ME PAYPAL 10$ ME LET U WIN
(39:13 / All) Noob.W: you loser to orange
(39:15 / All) Noob.W: 1x3
(39:18 / All) Noob.W: KAKAKAKAKAKA
(39:33 / All) Noob.W: i dont need win noob
(42:35 / All) Noob.W: all faggots
(42:38 / All) Noob.W: or mygood
(42:45 / All) Noob.W: i go report this replay to blizzard
(42:55 / All) ThulsaDoom: I report you for homophobia
(42:58 / All) ThulsaDoom: you disgusting bigot
(43:03 / All) TriIIianpos: I'll report you to your wrangler, retard
(43:11 / All) TriIIianpos: what the fuck are you doing on your own with no one looking after oyu
(43:16 / All) Noob.W: go report me for fuck you mother ^^
(43:23 / All) TriIIianpos: maybe I will bitch
(44:02 / All) ThulsaDoom: See ya around, newbies
(44:08 / All) Noob.W: i go open other war andplay
(44:09 / All) ThulsaDoom: Good luck and enjoy your stay
(44:10 / All) Noob.W: s2 newbs